 Seeded DCSS version 0.29-a0-557-g43b9904bd1 (webtiles) character file.

Game seed: 20220606 (custom seed)

409 nrs142 the Chopper (level 6, 0/56 HPs)
             Began as a Minotaur Monk on June 8, 2022.
             Was an Initiate of Ashenzari.
             Slain by an ogre
             ... wielding a +0 giant club
              (12 damage)
             ... on level 5 of the Dungeon.
             The game lasted 00:08:05 (3766 turns).

nrs142 the Chopper (Minotaur Monk)                  Turns: 3766, Time: 00:08:06

Health: 0/56       AC:  9    Str: 17    XL:     6   Next: 58%
Magic:  5/5        EV:  8    Int:  7    God:    Ashenzari [......]
Gold:   291        SH:  0    Dex: 13    Spells: 5/5 levels left

rFire   . . .      SeeInvis .   f - +0 broad axe
rCold   . . .      Faith    .   (no shield)
rNeg    . . .      Spirit   .   l - +0 chain mail
rPois   .          Reflect  .   (helmet restricted)
rElec   .          Harm     .   p - scarf {+Inv}
rCorr   .          Rampage  .   g - +0 pair of gloves
Will    .....                   (no boots)
Stlth   ..........              o - amulet of magic regeneration
HPRegen 0.18/turn               (no ring)
MPRegen 0.49/turn               (no ring)

@: no status effects
A: horns 2, retaliatory headbutt
a: Renounce Religion, Evoke Invisibility, Curse Item


You were on level 5 of the Dungeon.
You worshipped Ashenzari.
Ashenzari was noncommittal.
You visited 1 branch of the dungeon, and saw 7 of its levels.

You collected 291 gold pieces.

Inventory:

Hand Weapons
 f - a +0 broad axe (weapon)
Armour
 g - a +0 pair of gloves (worn)
 l - a +0 chain mail (worn)
 p - a scarf of invisibility (worn)
Jewellery
 o - an amulet of magic regeneration (around neck)
Scrolls
 b - 3 scrolls of teleportation {unknown}
 e - 8 scrolls of identify {unknown}
 h - 2 scrolls of fear {unknown}
 m - a scroll of poison {unknown}
 n - a scroll of enchant weapon {unknown}
 s - a scroll of immolation {unknown}
Potions
 c - a potion of ambrosia
 i - 4 potions of heal wounds {unknown}
 j - a potion of mutation {unknown}
 k - a potion of brilliance
 q - a potion of berserk rage {unknown}
 u - a potion of invisibility {unknown}


   Skills:
 + Level 5.4 Fighting
 + Level 5.5 Axes
 + Level 5.0 Dodging
 + Level 3.4 Stealth


You had 5 spell levels left.
You didn't know any spells.
Your spell library contained the following spells:

 Spells                   Type           Power      Damage    Failure   Level
 Slow                     Hex            0%         N/A       100%        1
 Ensorcelled Hibernation  Hex/Ice        0%         N/A       100%        2
 Passwall                 Tmut/Erth      0%         N/A       100%        2
 Confusing Touch          Hex            0%         N/A       100%        3
 Swiftness                Air            0%         N/A       100%        3
 Vampiric Draining        Necr           0%         2d6       100%        3
 Yara's Violent Unravell  Hex/Tmut       0%         3d3       100%        5
 Enfeeble                 Hex            0%         N/A       100%        7


Dungeon Overview and Level Annotations

Branches:
Dungeon (7/15)             Temple (0/1) D:4

Altars:
Ashenzari
Wu Jian
Beogh

Shops:
D:3 (


Innate Abilities, Weirdness & Mutations

You have a pair of horns on your head.
You reflexively headbutt those who attack you in melee.


Message History

There is an escape hatch in the floor here.
Found a stone staircase leading down.
An ogre comes into view. It is wielding a +0 giant club.
The ogre shouts!
As you read the scroll labelled CUCEYT POUFY, it crumbles to dust.
You hear a loud clanging noise!
It was a scroll of noise.
The gnoll barely misses you.
As you read the scroll labelled GEAVIBAEDA, it crumbles to dust.
A profound silence engulfs you.
It was a scroll of silence.
The gnoll hits you but does no damage.
The gnoll hits you from afar with a +0 spear.
You slash the ogre!
The ogre is moderately wounded.
The gnoll hits you but does no damage. The ogre hits you but does no damage.
The gnoll hits you from afar with a +0 spear!
You hit the ogre.
The ogre is moderately wounded.
The gnoll hits you from afar with a +2 vorpal spear.
The gnoll hits you from afar with a +0 spear.
The ogre closely misses you.
You hit the ogre.
The ogre is heavily wounded.
The gnoll hits you from afar with a +2 vorpal spear.
The gnoll hits you but does no damage. The gnoll closely misses you.
The ogre hits you with a +0 giant club!
The gnoll hits you from afar with a +2 vorpal spear.
* * * LOW HITPOINT WARNING * * *
It was a potion of flight.
You feel very buoyant.
You fly up into the air.
The gnoll hits you from afar with a +2 vorpal spear.
* * * LOW HITPOINT WARNING * * *
x2 The gnoll hits you but does no damage.
You pace your travel speed to your slowest ally.
It was a potion of cancellation.
Your magical effects are unravelling.
You feel magically purged.
You float gracefully downwards.
Your hearing returns.
The ogre hits you with a +0 giant club!
You die...

#...#.#.#
#.# ####.
#...#.#.#
#.# .....
#...#.#..
#.#
.....#...#
### #.#
...#...#
..#
#.#...#####
#..gg......
##...######
#.@O....#
##...##.#
#......
#........
#..#..###
..>.....
####.#.##
..


You could see an ogre and 2 gnolls.

Vanquished Creatures
  An ogre (D:6)
  A bullfrog (D:7)
  A howler monkey (D:3)
  An orc wizard (D:4)
  Robin (D:3)
  2 gnolls (D:5)
  10 adders
  2 worms
  3 dart slugs
  4 orcs
  5 endoplasms
  2 giant cockroaches
  17 goblins
  6 hobgoblins
  A quokka (D:2)
  4 ball pythons
  3 bats
  A frilled lizard (D:1)
  4 kobolds
  6 rats
75 creatures vanquished.

Notes
Turn   | Place    | Note
-------+----------+-------------------------------------------
     0 | D:1      | nrs142 the Minotaur Monk began the quest for the Orb.
     0 | D:1      | Reached XP level 1. HP: 19/19 MP: 0/0
   451 | D:1      | Reached XP level 2. HP: 27/27 MP: 1/1
   492 | D:1      | Found a faded altar of an unknown god.
  1039 | D:2      | Reached XP level 3. HP: 32/33 MP: 2/2
  1468 | D:3      | Reached XP level 4. HP: 41/41 MP: 3/3
  1677 | D:3      | Reached XP level 5. HP: 25/47 MP: 4/4
  2225 | D:3      | Found Watic Nimeh's Weapon Shoppe.
  2234 | D:3      | Noticed Robin
  2246 | D:3      | Killed Robin
  3031 | D:4      | Found a staircase to the Ecumenical Temple.
  3121 | D:4      | Reached skill level 5 in Fighting
  3121 | D:4      | Reached skill level 5 in Axes
  3343 | D:4      | Found a broken altar of Ashenzari.
  3348 | D:4      | Became a worshipper of Ashenzari the Shackled
  3364 | D:4      | You fall into a shaft and drop 3 floors!
  3393 | D:7      | Found an ornate altar of the Wu Jian Council.
  3409 | D:7      | Reached XP level 6. HP: 47/56 MP: 5/5
  3574 | D:5      | Entered Level 5 of the Dungeon
  3743 | D:5      | Reached skill level 5 in Dodging
  3766 | D:5      | Slain by an ogre

Illustrated notes

Levels and vault maps discovered:
D:1:      dpeg_arrival_lava_temple_mockup, layout_loops_ring,
          hellmonk_ecumenical_altar_defaced_shrine
D:2:      minmay_general_purpose_star, layout_rooms
D:3:      layout_rooms, serial_rivers, chequers_serial_rivers_micro_c,
          chequers_serial_rivers_small_b, chequers_serial_rivers_large_a,
          chequers_serial_rivers_small_b, chequers_serial_rivers_room_b,
          chequers_serial_rivers_micro_a, serial_shops, shop, uniq_robin
D:4:      layout_gridville, lemuel_doored_altar, minmay_temple_entry_ruins
D:5:      gammafunk_wand_slinger, layout_basic, nicolae_uskayaw_en_pointe,
          uniq_blork_the_orc
D:6:      minmay_opposing_rooms, layout_basic, nicolae_overflow_hidden_temple,
          gammafunk_temple_overflow_statue
D:7:      layout_layer_cave, amcnicky_altar_gilded, enter_bailey_1

Skill      XL: |  1  2  3  4  5  6 |
---------------+-------------------+-----
Axes           | 4 5 |  5.5
Fighting       | 4 5 |  5.4
Stealth        | 2 3 |  3.4
Dodging        | 4 5 |  5.0

Action                   |  1- 3 |  4- 6 || total
-------------------------+-------+-------++-------
Melee: Hand axe          |     8 |       ||     8
       Broad axe         |    63 |    87 ||   150
       Headbutt          |    11 |    10 ||    21
  Use: Potion            |       |     7 ||     7
       Scroll            |       |     2 ||     2
 Stab: Sleeping          |     1 |       ||     1
Armor: Chain mail        |    32 |    69 ||   101
       Robe              |     3 |       ||     3
       Skin              |       |     1 ||     1
Dodge: Dodged            |    37 |    58 ||    95

Table legend: (Time is in decaauts)
 A = Elapsed time spent in this place.
 B = Non-inter-level travel time spent in this place.
 C = Inter-level travel time spent in this place.
 D = Time resting spent in this place.
 E = Time spent auto-exploring this place.
 F = Levels seen in this place.
 G = Mean time per level.
                   A        B        C        D        E       F      G
               +--------+--------+--------+--------+--------+-----+--------+
         Total |   3840 |   3735 |    105 |    446 |   2582 |   7 |  548.6 |
       Dungeon |   3840 |   3735 |    105 |    446 |   2582 |   7 |  548.6 |
               +--------+--------+--------+--------+--------+-----+--------+

Top non-repeatable levels by time:
     D:3: 1341 daAuts
     D:1: 813 daAuts
     D:2: 652 daAuts
     D:4: 625 daAuts
     D:5: 195 daAuts
     D:7: 137 daAuts
     D:6: 75 daAuts
